 Dungeon Crawl Stone Soup version 0.28.0 (webtiles) character file.

Game seed: 17237912597496641645

152 AmazingTV the Covered (level 5, -4/46 (47) HPs)
             Began as a Minotaur Fighter on July 1, 2022.
             Slain by a hell rat (8 damage)
             ... in a sewer.
             The game lasted 00:06:04 (2160 turns).

AmazingTV the Covered (Minotaur Fighter)            Turns: 2160, Time: 00:06:04

HP:   -4/46 (47)    AC:  9    Str: 20    XL:     5   Next: 11%
MP:   4/4           EV: 10    Int:  5    God:
Gold: 63            SH:  5    Dex: 12    Spells: 4/4 levels left

rFire   . . .      SeeInvis .   a - +0 war axe {axe}
rCold   . . .      Faith    .   c - +0 buckler
rNeg    . . .      Spirit   .   n - +3 ring mail
rPois   .          Reflect  .   (helmet restricted)
rElec   .          Harm     .   (no cloak)
rCorr   .          Rampage  .   (no gloves)
Will    .....                   (no boots)
Stlth   +.........              (no amulet)
HPRegen 0.15/turn               (no ring)
MPRegen 0.09/turn               (no ring)

@: mighty, lightly drained
A: horns 2, retaliatory headbutt
a: no special abilities


You were in a sewer.
You visited 1 branch of the dungeon, and saw 3 of its levels.
You also visited: Sewer.

You collected 63 gold pieces.


Innate Abilities, Weirdness & Mutations

You have a pair of horns on your head.
You reflexively headbutt those who attack you in melee.


   Skills:
 + Level 4.6 Fighting
 + Level 3.7 Axes
 + Level 1.1 Crossbows
 + Level 4.6 Armour
 + Level 4.6 Shields


You had 4 spell levels left.
You didn't know any spells.
Your spell library was empty.

Inventory:

Hand Weapons
 a - a +0 war axe (weapon) {axe}
Missiles
 e - 55 stones (quivered)
 k - 23 arrows
 o - 20 bolts
Armour
 b - a +0 scale mail
 c - a +0 buckler (worn)
 n - a +3 ring mail (worn)
   (You found it on level 2 of the Dungeon)
Jewellery
 h - a ring of wizardry
   (You found it on level 1 of the Dungeon)
Scrolls
 f - 2 scrolls of identify {unknown}
 g - 2 scrolls of teleportation {unknown}
Potions
 d - a potion of might
 i - a potion of mutation {unknown}
 j - a potion of invisibility {unknown}
 l - a potion of heal wounds {unknown}
 m - 2 potions of curing {unknown}

Dungeon Overview and Level Annotations

Branches:
Dungeon (3/15)              Sewer (1/1)

Altars:

Shops:
D:1 (

Annotations:
D:3 Grinder

#####
###≈..###
#..≈..≈≈#
##.≈.†.≈≈##
#..@###≈.≈#
##.r##.##≈≈##
#≈≈r#≈≈≈#.≈.#
#≈≈##≈.?##.≈#
#≈.#≈≈≈!?#≈.#
#.≈'≈≈≈!∩#∩∩#
#≈≈#.≈≈?$#≈.#
#≈≈##≈≈!##.≈#
#≈≈. ≈..#.≈≈#


You could see a hell rat and a rat.


Message History

😮 HP[+1]
You hit the rat.
You kill the rat!
There is a glowing drain here.
You start resting.
You hear the brisk rusting of a drain.
You hear the brisk rusting of a drain. 😎 HP[+12]
Your hp is fully restored (41).
The world spins around you as you enter the gateway.
You enter a sewer!
Found a gate leading back out of this place.
There is an empty arch of ancient stone here.
A rat is nearby!
A river rat comes into view.
You block the rat's attack.
You closely miss the rat. The rat barely misses you.
You hit the river rat but do no damage. You hit the rat.
You kill the rat!
The river rat twitches its whiskers.
The river rat bites you! 😕 HP[-7]
You take 7 damage, and now have 34/41 hp.
You completely miss the river rat.
You headbutt the river rat, but do no damage.
The river rat closely misses you. The river rat bites you. 😕 HP[-2]
You take 2 damage, and now have 32/41 hp.
You hit the river rat but do no damage.
The river rat bites you but does no damage.
You slash the river rat! You headbutt the river rat.
You kill the river rat!
You have reached level 5! 😕 HP[+5] MP[+1]
You now have 47 max hp (+6).
You regained 5 hp, and now have 37/47 hp.
Your mp is fully restored (4).
You enter the shallow water.
Moving in this stuff is going to be slow.
A rat comes into view. 😎 HP[+10]
Your hp is fully restored (47).
You enter the shallow water.
Moving in this stuff is going to be slow.
A river rat comes into view.
The river rat bites you but does no damage.
You slash the river rat!
You kill the river rat!
The rat bites you but does no damage.
You slash the rat!
You kill the rat!
You see here a rat corpse.
You enter the shallow water.
Moving in this stuff is going to be slow.
You enter the shallow water.
Moving in this stuff is going to be slow.
A rat comes into view.
You hit the rat.
You kill the rat!
As you open the door, it creaks loudly!
A hell rat comes into view.
The hell rat roars deafeningly!
The hell rat moves out of view.
Found four items.
Found a gate leading back out of this place.
There is an open door here.
You hit the hell rat but do no damage. You headbutt the hell rat.
The hell rat closely misses you. You block the hell rat's attack.
You hit the hell rat. Your headbutt misses the hell rat.
The hell rat barely misses you.
A rat comes into view.
You hit the hell rat. The hell rat bites you.
The hell rat splashes around in the water. 😕 HP[-4]
You take 4 damage, and now have 43/47 hp.
You hit the hell rat but do no damage. You headbutt the hell rat.
The hell rat bites you! 😮 HP[-10]
You take 10 damage, and now have 33/47 hp.
MASSIVE DAMAGE!! (PAUSE)
You hit the hell rat but do no damage.
You headbutt the hell rat, but do no damage.
You barely miss the rat. The hell rat bites you!
* * * LOW HITPOINT WARNING * * *
You feel drained.
* * * LOW HITPOINT WARNING * * *
The rat closely misses you. The hell rat bites you!
* * * LOW HITPOINT WARNING * * *
😱 HP[-30]
You now have 46 max hp (-1).
You take 30 damage, and now have 3/46 hp.
MASSIVE DAMAGE!! (PAUSE)
Okay, then.
You enter the shallow water.
Moving in this stuff is going to be slow.
The hell rat bites you but does no damage. 😱 HP[+1]
You feel very mighty all of a sudden. The hell rat bites you!
You die...

Skill      XL: |  1  2  3  4 |
---------------+-------------+-----
Armour         | 4 |  4.6
Shields        | 4 |  4.6
Fighting       | 4 |  4.6
Axes           | 3 |  3.7
Crossbows      | 1 |  1.1

Action                   |  1- 3 |  4- 6 || total
-------------------------+-------+-------++-------
Melee: War axe           |    69 |    67 ||   136
       Headbutt          |     4 |    11 ||    15
  Use: Potion            |       |     1 ||     1
Armor: Scale mail        |    32 |     6 ||    38
       Ring mail         |       |    22 ||    22
Dodge: Dodged            |    26 |    27 ||    53
Block: Buckler           |    11 |    17 ||    28

Levels and vault maps discovered:
D:1:      matt_arrival_diagonals, layout_basic, serial_shops,
          nicolae_diamond_shop
D:2:      layout_loops_corners
D:3:      layout_rooms, portal_sewer_entry_e, uniq_grinder
Sewer:    sewer_hellmonk_bad_rat

Notes
Turn   | Place    | Note
-------+----------+-------------------------------------------
     0 | D:1      | AmazingTV the Minotaur Fighter began the quest for the Orb.
     0 | D:1      | Reached XP level 1. HP: 19/19 MP: 0/0
     0 | D:1      | magus.rc [v1.9.6]
    95 | D:1      | Reached XP level 2. HP: 25/27 MP: 1/1
   265 | D:1      | Found Irijais's Antique Weapon Emporium.
   290 | D:1      | Reached skill level 4 in Armour
   295 | D:1      | Reached skill level 4 in Shields
   302 | D:1      | Reached skill level 4 in Fighting
   316 | D:1      | Reached skill level 3 in Axes
   320 | D:1      | Reached XP level 3. HP: 33/33 MP: 2/2
  1032 | D:2      | Reached XP level 4. HP: 24/41 MP: 3/3
  1758 | D:3      | Noticed Grinder
  1947 | D:3      | Reached skill level 1 in Crossbows
  1960 | D:3      | Found a glowing drain.
  2056 | Sewer    | Entered a sewer
  2065 | Sewer    | Reached XP level 5. HP: 37/47 MP: 4/4
  2154 | Sewer    | HP: 3/46 [hell rat (15)]
  2160 | Sewer    | Slain by a hell rat

Vanquished Creatures
  4 adders
  4 river rats
  2 worms
  2 dart slugs (D:1)
  10 ball pythons
  7 endoplasms
  5 giant cockroaches
  7 goblins
  7 hobgoblins
  2 quokkas (D:1)
  3 bats
  3 frilled lizards
  3 kobolds
  9 rats
68 creatures vanquished.

Table legend:
 A = Non-vault XP
 B = Vault XP
 C = Vault XP percentage of total XP
 D = Non-vault monster count
 E = Vault monster count
 F = Vault count percentage of total count
                 A         B        C        D         E       F
            +---------+---------+-------+---------+---------+-------
      Total |     152 |      66 |  30.3 |      55 |      13 |  19.1
            +---------+---------+-------+---------+---------+-------
        D:1 |      55 |       0 |   0.0 |      27 |       0 |   0.0
        D:2 |      67 |       0 |   0.0 |      18 |       0 |   0.0
        D:3 |      30 |      35 |  53.8 |      10 |       8 |  44.4
      Sewer |       0 |      31 | 100.0 |       0 |       5 | 100.0
            +---------+---------+-------+---------+---------+-------

Illustrated notes

Table legend:
 A = Kills in this place as a percentage of kills in entire the game.
 B = Kills by you in this place as a percentage of kills by you in the entire game.
 C = Kills by friends in this place as a percentage of kills by friends in the entire game.
 D = Other kills in this place as a percentage of other kills in the entire game.
 E = Experience gained in this place as a percentage of experience gained in the entire game.
 F = Experience gained in this place divided by the number of levels of this place that you have seen.
                   A       B       C       D       E      F
               +-------+-------+-------+-------+-------+----------------------
         Total | 100.0 | 100.0 |   N/A |   N/A | 100.0 |  54.5
       Dungeon |  92.6 |  92.6 |   N/A |   N/A |  85.8 |  62.3
         Sewer |   7.4 |   7.4 |   N/A |   N/A |  14.2 |  31.0
               +-------+-------+-------+-------+-------+----------------------

Table legend: (Time is in decaauts)
 A = Elapsed time spent in this place.
 B = Non-inter-level travel time spent in this place.
 C = Inter-level travel time spent in this place.
 D = Time resting spent in this place.
 E = Time spent auto-exploring this place.
 F = Levels seen in this place.
 G = Mean time per level.
                   A        B        C        D        E       F      G
               +--------+--------+--------+--------+--------+-----+--------+
         Total |   2217 |   2160 |     57 |    234 |   1473 |   4 |  554.2 |
       Dungeon |   2104 |   2047 |     57 |    234 |   1401 |   3 |  701.3 |
         Sewer |    112 |    112 |      0 |      0 |     72 |   1 |  112.0 |
               +--------+--------+--------+--------+--------+-----+--------+

Top non-repeatable levels by time:
     D:2: 1157 daAuts
     D:1: 667 daAuts
     D:3: 279 daAuts
   Sewer: 112 daAuts
